AoeStats
← waLLefps.

African Clearing

506842267Analyzed
2v2 RM · 16d ago on Sep 15, 2026· 56m 12s· 4 players
Game mode
Random Map
Map size
Medium (4 player)
Population
200
Speed
Normal
Resources
Standard
Victory
Conquest
Starting age
Dark Age
Ending age
Imperial Age
RankedLock teamsTeams togetherTeam positionsShared explorationLock speedFull tech treeHidden civsTurbo modeCheats
Victory
Defeat
🇹🇷 Inca · Türkiye
1426
+16
🇹🇷 Burgundians · Türkiye
1403
+17
🇨🇳 Mapuche · China
1457
-18
🇹🇼 Huns · Taiwan
1393
-15
慢工出細活
6:44 Loom
13:26 Feudal Age
16:11 Forging
16:16 Double-Bit Axe
17:46 Scale Barding Armor
18:37 Bloodlines
23:23 Castle Age
22:35 Fletching
22:45 Padded Archer Armor
22:37 Horse Collar
23:43 Light Cavalry
24:24 Husbandry
25:26 Bodkin Arrow
32:00 Fervor
33:29 Wheelbarrow
33:22 Ballistics
38:25 Imperial Age
36:36 Leather Archer Armor
36:09 Town Watch
38:37 Heavy Cavalry Archer
40:39 Thumb Ring
41:27 Bracer
43:00 Chemistry
43:26 Conscription
43:36 Parthian Tactics
45:27 Heavy Plow
49:49 Sanctity
51:48 Hand Cart
51:35 Cavalier
52:54 Iron Casting
52:40 Chain Barding Armor
54:47 Blast Furnace
表哥
13:07 Feudal Age
13:59 Loom
17:44 Castle Age
18:42 Town Watch
24:58 Double-Bit Axe
27:05 Bow Saw
26:36 Horse Collar
29:52 Fletching
34:50 Bodkin Arrow
35:33 Gold Mining
38:12 Ballistics
40:17 Padded Archer Armor
42:29 Wheelbarrow
45:53 Stone Mining
48:57 Malon
50:49 Leather Archer Armor
54:01 Hand Cart
54:02 Forging
54:36 Gold Shaft Mining
54:01 Heavy Plow
waLLefps.
7:28 Loom
11:09 Loom
13:22 Feudal Age
14:20 Double-Bit Axe
15:13 Town Watch
17:26 Fletching
26:42 Castle Age
24:57 Scale Mail Armor
24:49 Horse Collar
25:25 Forging
24:43 Champi Runner
25:37 Arson
27:07 Champi Warrior
27:48 Squires
28:04 Chain Mail Armor
28:25 Iron Casting
28:10 Pikeman
47:38 Wheelbarrow
49:08 Hand Cart
54:09 Imperial Age
51:57 Bow Saw
51:47 Heavy Plow
51:42 Stone Mining
51:43 Gold Mining
53:03 Bodkin Arrow
53:08 Padded Archer Armor
54:22 Gold Shaft Mining
53:12 Elite Skirmisher
53:57 Thumb Ring
55:05 Ballistics
56:24 Chemistry
55:52 Bracer
56:24 Plate Mail Armor
56:10 Leather Archer Armor
56:58 Blast Furnace
Tameryig1t
6:46 Loom
9:46 Double-Bit Axe
11:26 Wheelbarrow
13:06 Feudal Age
11:19 Horse Collar
19:29 Castle Age
18:34 Scale Barding Armor
19:17 Bow Saw
26:57 Cavalier
27:38 Husbandry
29:27 Two-Man Saw
34:06 Forging
35:21 Chain Barding Armor
35:36 Iron Casting
35:29 Hand Cart
36:43 Iron Casting
37:32 Light Cavalry
39:45 Gold Mining
39:45 Stone Mining
44:00 Imperial Age
43:34 Ballistics
43:06 Fletching
43:17 Padded Archer Armor
45:16 Gold Shaft Mining
45:45 Blast Furnace
45:20 Plate Barding Armor
44:26 Hussar
46:00 Heavy Plow
46:35 Bodkin Arrow
46:55 Leather Archer Armor
47:23 Conscription
47:10 Burgundian Vineyards
46:29 Paladin
48:05 Elite Skirmisher
50:49 Stone Shaft Mining
53:01 Crop Rotation
53:43 Chemistry
Connection lost

Rejoining the realm…

Still unreachable

The connection could not be restored.

Session expired

The server has moved on; the page needs a fresh start.